 Dungeon Crawl Stone Soup version 0.21-a0-582-g1b93aee (webtiles) character file.

65 vishdafish the Charmwright (level 3, -3/28 HPs)
             Began as a Demonspawn Skald on Dec 19, 2017.
             Slain by Crazy Yiuf
             ... wielding a +3 quarterstaff of chaos
              (8 damage)
             ... on level 2 of the Dungeon.
             The game lasted 00:03:40 (1900 turns).

vishdafish the Charmwright (Demonspawn Skald)       Turns: 1900, Time: 00:03:43

Health: -3/28      AC:  5    Str:  9 (11) XL:     3   Next: 92%
Magic:  0/6        EV: 12    Int: 14 (15) God:
Gold:   127        SH:  0    Dex: 11 (12) Spells: 5/6 levels left

rFire    . . .     SeeInvis .   a - +0 spear
rCold    . . .     Gourm    .   (no shield)
rNeg     . . .     Faith    .   b - +0 leather armour
rPois    .         Spirit   +   (no helmet)
rElec    .         Reflect  .   (no cloak)
rCorr    +         Harm     .   (no gloves)
MR       .....                  (no boots)
Stlth    +.........             o - amulet of guardian spirit
HPRegen  0.09/turn              (no ring)
MPRegen  0.10/turn              l - ring of resist corrosion

@: lethally poisoned (-3 -> -10), infused, hasted, very quick
A: yellow scales 1
a: no special abilities


You were on level 2 of the Dungeon.
You were not hungry.

You visited 1 branch of the dungeon, and saw 2 of its levels.

You collected 127 gold pieces.

Inventory:

Hand Weapons
 a - a +0 spear (weapon)
Armour
 b - a +0 leather armour (worn)
Jewellery
 l - a ring of resist corrosion (right hand)
 o - an amulet of guardian spirit (around neck)
Scrolls
 f - 2 scrolls of remove curse
 i - a scroll of amnesia
Potions
 e - 2 potions of brilliance
 m - 2 potions of might {unknown}
Books
 c - a book of Battle

   Spells                             Type                      Level
   a - Infusion                       Charms                       1
   b - Shroud of Golubria             Charms/Translocation         2
   c - Song of Slaying                Charms                       2
   d - Spectral Weapon                Hexes/Charms                 3
   e - Regeneration                   Charms/Necromancy            3
Comestibles
 d - 2 rations


   Skills:
 + Level 2.3 Fighting
 + Level 2.5 Polearms
 + Level 1.7 Armour
 + Level 2.1 Dodging
 + Level 0.1 Stealth
 + Level 2.1 Spellcasting
 + Level 3.0 Charms


You had 5 spell levels left.
You knew the following spells:

 Your Spells              Type           Power        Failure   Level  Hunger
a - Infusion              Chrm           #...         9%          1    #......


Dungeon Overview and Level Annotations

Branches:
Dungeon (2/15)

Altars:

Annotations:
D:2 Crazy Yiuf


Innate Abilities, Weirdness & Mutations

You are partially covered in yellow scales. (AC +2)


Message History

Crazy Yiuf yells, "Ghoul Orb Guardian alas!"
Crazy Yiuf hits you with a quarterstaff of chaos.
You are poisoned.
You hit Crazy Yiuf!
Crazy Yiuf is heavily wounded.
You feel sick.
Crazy Yiuf hits you with a quarterstaff of chaos!
You feel yourself speed up.
You hit Crazy Yiuf.
Crazy Yiuf is severely wounded.
You feel sick. Crazy Yiuf hits you but does no damage.
You closely miss Crazy Yiuf.
Crazy Yiuf is severely wounded.
You barely miss Crazy Yiuf.
Crazy Yiuf is severely wounded.
Crazy Yiuf says, "Spliff!"
Crazy Yiuf hits you with a quarterstaff of chaos!
* * * LOW HITPOINT WARNING * * *
You convulse!
You die...

......#.(..# ##..## #.##
..#######..# ♣....♣ #.#
...#....#..# ♣♣P..♣ #.#
.#'#.......# ♣♣.♣♣
######'## ......#....#
♣♣.♣ ####.......#
......#....# ♣.♣♣
#..........# ......'....#
♣♣.♣ #..........#
......####.# ♣=♣♣
#..........# ...........#
*#@#* #..........#
.......##### #.g.#
#..........# #.........#
#.).# #..........#
#########.## #)..#
#..........# #..# #####
#...##+###.# #..#
#'####.# #.. #..####
######.# #.# ##.
#.....###....######.## #.
#.....'.'......##....####


You could see Crazy Yiuf.

Vanquished Creatures
  An adder (D:1)
  3 dart slugs
  A leopard gecko (D:1)
  2 giant cockroaches (D:1)
  7 goblins
  4 hobgoblins
  4 jackals (D:1)
  A quokka (D:2)
  7 bats
  4 frilled lizards
  4 kobolds
  6 rats
44 creatures vanquished.

Notes
Turn   | Place    | Note
-------+----------+-------------------------------------------
     0 | D:1      | vishdafish the Demonspawn Skald began the quest for the Orb.
     0 | D:1      | Reached XP level 1. HP: 16/16 MP: 3/3
   231 | D:1      | Reached skill level 1 in Armour
   231 | D:1      | Gained mutation: You are partially covered in yellow scales. (AC +2) [demonic ancestry]
   231 | D:1      | Reached XP level 2. HP: 21/22 MP: 5/5
   252 | D:1      | Reached skill level 3 in Charms
   738 | D:1      | Reached XP level 3. HP: 27/27 MP: 6/6
  1772 | D:2      | Found a runed door.
  1893 | D:2      | Noticed Crazy Yiuf
  1900 | D:2      | Slain by Crazy Yiuf

Vault maps used:
D:1:      eino_arrival_tree_alley
D:2:      item_on_display_a, uniq_crazy_yiuf_cottage

Skill      XL: |  1  2  3 |
---------------+----------+-----
Armour         | 1 |  1.7
Polearms       | 2 |  2.5
Charms         | 3 |  3.0
Dodging        | 2 |  2.1
Fighting       | |  2.3
Stealth        | |  0.1
Spellcasting   | |  2.1

Action                   || total
-------------------------++-------
Melee: Spear             ||   164
 Cast: Infusion          ||     4
  Use: Scroll            ||     6
       Potion            ||     4
  Eat: Chunk             ||     3
Armor: Leather armour    ||    63
Dodge: Dodged            ||   119

Table legend:
 A = Spawn XP
 B = Non-spawn XP
 C = Spawn XP percentage of total XP
 D = Spawn monster count
 E = Non-spawn monster count
 F = Spawn count percentage of total count
 G = Total turns spent on level
                    A         B        C        D         E        F      G
               +---------+---------+-------+---------+---------+-------+---------
         Total |       0 |      93 |   0.0 |       0 |      44 |   0.0 |  1900
               +---------+---------+-------+---------+---------+-------+---------
           D:1 |       0 |      64 |   0.0 |       0 |      28 |   0.0 |  1261
           D:2 |       0 |      29 |   0.0 |       0 |      16 |   0.0 |   639
               +---------+---------+-------+---------+---------+-------+---------
